 Dungeon Crawl Stone Soup version 0.23-a0-182-g58cdd98 (webtiles) character file.

183 Ijustatesigmund the Shield-Bearer (level 5, -3/36 HPs)
             Began as an Octopode Fighter on Sept 20, 2018.
             Killed by nerve-wracking pain
             ... invoked by Grinder
              (9 damage)
             ... on level 4 of the Dungeon.
             The game lasted 00:06:02 (2459 turns).

Ijustatesigmund the Shield-Bearer (OpFi)            Turns: 2459, Time: 00:06:03

Health: -3/36      AC:  1    Str: 18    XL:     5   Next: 62%
Magic:  5/5        EV: 12    Int: 10    God:
Gold:   164        SH: 10    Dex: 12    Spells: 4/4 levels left

rFire    . . .     SeeInvis .   a - +0 war axe
rCold    . . .     Gourm    .   b - +1 shield
rNeg     . . .     Faith    .   (helmet restricted)
rPois    .         Spirit   .   (no amulet)
rElec    .         Reflect  .   (no ring)
rCorr    .         Harm     .   (no ring)
MR       .....                  (no ring)
Stlth    ++........             (no ring)
HPRegen  0.12/turn              (no ring)
MPRegen  0.09/turn              (no ring)
                                (no ring)
                                (no ring)

@: no status effects
A: almost no armour, stealthy swim, amphibious, 8 rings, constrict 8, tentacle
spike 1, camouflage 1, blurry vision 1, screaming 1, strong 1, gelatinous body 1
a: no special abilities


You were on level 4 of the Dungeon.
You were not hungry.

You visited 1 branch of the dungeon, and saw 4 of its levels.

You collected 164 gold pieces.

Inventory:

Hand Weapons
 a - a +0 war axe (weapon)
Missiles
 i - 7 tomahawks (quivered)
Armour
 b - a +1 shield (worn)
 c - a +0 large shield
Wands
 k - a wand of disintegration (8)
Scrolls
 e - 2 scrolls of teleportation
 g - a scroll of fog {unknown}
 m - a scroll of remove curse
Potions
 f - a potion of curing
 j - a potion of lignification
Comestibles
 d - 6 rations


   Skills:
 - Level 3.0 Fighting
 + Level 4.2 Axes
 - Level 3.0 Dodging
 + Level 4.8 Shields


You had 4 spell levels left.
You didn't know any spells.
Your spell library contained the following spells:

 Spells                   Type           Power        Failure   Level  Hunger
 Confusing Touch          Hex            #.....       80%         1    ##.....
 Confuse                  Hex            #.......     99%         3    ####...
 Gell's Gravitas          Tloc           #.........   99%         3    ####...
 Petrify                  Tmut/Erth      #.......     100%        4    #####..
 Metabolic Englaciation   Hex/Ice        #.........   100%        5    ######.
 Yara's Violent Unravell  Hex/Tmut       #.........   100%        5    ######.


Dungeon Overview and Level Annotations

Branches:
Dungeon (4/15)
 Temple: D:4-7

Altars:
Ashenzari
Cheibriados
Xom
Yredelemnul

Shops:
D:4 (

Annotations:
D:4 Grinder


Innate Abilities, Weirdness & Mutations

You cannot wear most types of armour.
You are very stealthy in the water. (Stealth+)
You are amphibious.
You can wear up to eight rings at the same time.
You can use your tentacles to constrict eight enemies at once.
Your skin changes colour to match your surroundings (Stealth+).
Your rubbery body absorbs attacks. (AC +1, EV +1)
One of your tentacles bears a spike.
Scrolls take you a little longer to read.
You occasionally shout uncontrollably at your foes.
Your muscles are strong. (Str +2)


Message History

You feel the urge to shout.
Your vision blurs.
One of your lower tentacles grows a sharp spike.
You feel stronger. Grinder gestures at you.
You barely resist.
It was a potion of ambrosia.
You are confused.
You feel invigorated. Grinder hits you!
* * * LOW HITPOINT WARNING * * *
You writhe in agony.
* * * LOW HITPOINT WARNING * * *
You closely miss Grinder.
Your tentacle spike misses Grinder.
Grinder hits you.
* * * LOW HITPOINT WARNING * * *
You writhe in agony.
* * * LOW HITPOINT WARNING * * *
You bump into the rock wall.
You feel less invigorated.
You feel less confused. Grinder gestures at you. Pain shoots through your body!
You die...

# #.# #.# #
#.######.########### #
#............†...... #
########.##......##. #
#................# # #
###.#######..####..#.# #
#...# #####..#...?...
#.#####......#.#..#..#
###.##..........@5......
..#.##.##.##.#####.#....
....##.##.##... # .
<...##.##.######.#
.#...)............
.......##.....##..
∩..######.....# ...#
#.##### ...# #.#


You could see Grinder.

Vanquished Creatures
  A hound (D:2)
  An orc wizard (D:3)
  A gnoll (D:1)
  4 adders
  An ooze (D:1)
  A worm (D:2)
  2 dart slugs
  A leopard gecko (D:3)
  5 orcs (D:3)
  4 bats (D:2)
  4 giant cockroaches
  6 goblins
  6 hobgoblins
  7 kobolds
  2 quokkas
  7 frilled lizards
  A quokka skeleton (D:4)
  10 rats
64 creatures vanquished.

Notes
Turn   | Place    | Note
-------+----------+-------------------------------------------
     0 | D:1      | Ijustatesigmund the Octopode Fighter began the quest for
                  | the Orb.
     0 | D:1      | Reached XP level 1. HP: 16/16 MP: 1/1
    84 | D:1      | Reached XP level 2. HP: 21/21 MP: 2/2
   129 | D:1      | Reached XP level 3. HP: 24/26 MP: 3/3
   529 | D:2      | Found a shattered altar of Ashenzari.
   642 | D:2      | Reached XP level 4. HP: 3/31 MP: 4/4
   642 | D:2      | HP: 1/31 [quokka (2)]
   995 | D:2      | Found a shimmering altar of Xom.
   999 | D:2      | Found a basalt altar of Yredelemnul.
  1498 | D:3      | Found a snail-covered altar of Cheibriados.
  1704 | D:3      | Reached XP level 5. HP: 36/36 MP: 5/5
  2348 | D:4      | Found Plog's Weapon Shoppe.
  2354 | D:4      | Noticed Grinder
  2450 | D:4      | Paralysed by Grinder for 6 turns
  2456 | D:4      | Gained mutation: You occasionally shout uncontrollably at
                  | your foes. [potion of mutation]
  2456 | D:4      | Gained mutation: Scrolls take you a little longer to read.
                  | [potion of mutation]
  2456 | D:4      | Gained mutation: One of your tentacles bears a spike.
                  | [potion of mutation]
  2456 | D:4      | Gained mutation: Your muscles are strong. (Str +2) [potion
                  | of mutation]
  2459 | D:4      | Killed from afar by Grinder

Vault maps used:
D:1:      lemuel_arrival_cross
D:2:      evilmike_ruin_ashenzari, chequers_temple_overflow_statue_of_worship,
          serial_bayou, serial_bayou_lagoon_a, serial_bayou_shore_a,
          serial_bayou_lake_a, serial_bayou_pond_d, minmay_small_reverse_x
D:3:      first_ration, kennysheep_slug_shrine
D:4:      serial_shops, shop, uniq_crazy_yiuf_cottage, uniq_edmund, uniq_grinder

Skill      XL: |  1  2  3  4  5 |
---------------+----------------+-----
Axes           | 3 4 |  4.2
Shields        | 4 |  4.8
Fighting       | |  3.0
Dodging        | |  3.0

Action                   |  1- 3 |  4- 6 || total
-------------------------+-------+-------++-------
Melee: War axe           |    47 |    67 ||   114
       Constrict         |    13 |    15 ||    28
       Tentacles         |     8 |     6 ||    14
Evoke: Wand              |       |     4 ||     4
  Use: Scroll            |     6 |     5 ||    11
       Potion            |     1 |     4 ||     5
 Stab: Sleeping          |     5 |     6 ||    11
       Invisible         |       |     1 ||     1
  Eat: Chunk             |       |     3 ||     3
       Ration            |       |     1 ||     1
Armor: Skin              |     3 |     3 ||     6
Dodge: Dodged            |    20 |    28 ||    48
Block: Shield            |    15 |    30 ||    45

Table legend:
 A = Non-vault XP
 B = Vault XP
 C = Vault XP percentage of total XP
 D = Non-vault monster count
 E = Vault monster count
 F = Vault count percentage of total count
                 A         B        C        D         E       F
            +---------+---------+-------+---------+---------+-------
      Total |     251 |      11 |   4.2 |      59 |       5 |   7.8
            +---------+---------+-------+---------+---------+-------
        D:1 |      40 |       0 |   0.0 |      13 |       0 |   0.0
        D:2 |      91 |       7 |   7.1 |      20 |       4 |  16.7
        D:3 |     104 |       4 |   3.7 |      23 |       1 |   4.2
        D:4 |      16 |       0 |   0.0 |       3 |       0 |   0.0
            +---------+---------+-------+---------+---------+-------
